General information
- name: BNet
- type: Ladder team game (AT/RT)
- host: Battle.net
- saver: GOKUMAN69
map: RiverOfSouls
- players: 6
- length: 10:13
- speed: Fast
- version: 1.21 W3XP
- replay type: Public
» download(54 KB)
Players
team 1 (winner)
KillerBeeg (
blue | 55 APM | 559 actions | 10:13)
3 Death Knight
2 Death Coil
1 Unholy Aura
2 Lich
1 Frost Nova
1 Dark Ritual
» actions
| Assign group hotkey | 14 | |
| Basic commands | 45 | |
| Build / train | 27 | |
| Enter build submenu | 11 | |
| Enter hero's abilities submenu | 5 | |
| Right click | 233 | |
| Select / deselect | 99 | |
| Select group hotkey | 88 | |
| Use ability | 37 | |
559 total
» units
| Acolyte | 5 | |
| Ghoul | 2 | |
| Crypt Fiend | 6 | |
| Obsidian Statue | 2 | |
15 total
» upgrades
» buildings
| Altar of Darkness | 1 | |
| Ziggurat | 4 | |
| Crypt | 1 | |
| Tomb of Relics | 1 | |
| Graveyard | 1 | |
| Halls of the Dead | 1 | |
| Nerubian Tower | 1 | |
| Slaughterhouse | 1 | |
| Sacrificial Pit | 1 | |
12 total
» build order
00:05 Altar of Darkness
00:07 Ziggurat
00:35 Crypt
00:50 Tomb of Relics
01:12 Graveyard
01:26 Ziggurat
03:27 Ziggurat
03:55 Halls of the Dead
04:52 Ziggurat
06:37 Nerubian Tower
06:42 Slaughterhouse
06:51 Sacrificial Pit
» items
| Rod of Necromancy | 1 | |
| Scroll of Town Portal | 1 | |
2 total
Krono (
yellow | 57 APM | 580 actions | 10:13)
2 Archmage
1 Blizzard
1 Brilliance Aura
» actions
| Assign group hotkey | 8 | |
| Basic commands | 7 | |
| Build / train | 40 | |
| Enter build submenu | 16 | |
| Enter hero's abilities submenu | 2 | |
| Right click | 222 | |
| Select / deselect | 104 | |
| Select group hotkey | 153 | |
| Use ability | 28 | |
580 total
» units
» upgrades
| Masonry | 1 | |
| Lumber Harvesting | 1 | |
2 total
» buildings
| Altar of Kings | 1 | |
| Barracks | 1 | |
| Farm | 4 | |
| Lumber Mill | 1 | |
| Town Hall | 1 | |
| Scout Tower | 7 | |
| Guard Tower | 4 | |
| Keep | 2 | |
| Arcane Tower | 1 | |
| Castle | 1 | |
| Gryphon Aviary | 2 | |
| Blacksmith | 1 | |
26 total
» build order
00:05 Altar of Kings
00:07 Barracks
00:18 Farm
00:50 Farm
01:41 Farm
02:15 Farm
03:38 Lumber Mill
05:13 Town Hall
05:20 Scout Tower
05:31 Scout Tower
05:36 Scout Tower
05:43 Scout Tower
05:51 Scout Tower
05:54 Scout Tower
06:15 Guard Tower
06:41 Guard Tower
06:59 Guard Tower
07:02 Scout Tower
07:05 Keep
07:05 Keep
07:09 Arcane Tower
09:09 Guard Tower
09:49 Castle
09:52 Gryphon Aviary
09:55 Gryphon Aviary
10:01 Blacksmith
» items
| Scroll of Town Portal | 1 | |
| Scroll of Protection | 1 | |
| Staff of Teleportation | 1 | |
3 total
Toadrax (
purple | 36 APM | 372 actions | 10:13)
3 Blademaster
2 Wind Walk
1 Critical Strike
» actions
| Assign group hotkey | 3 | |
| Basic commands | 24 | |
| Build / train | 32 | |
| Enter build submenu | 6 | |
| Enter hero's abilities submenu | 3 | |
| Right click | 203 | |
| Select / deselect | 56 | |
| Select group hotkey | 12 | |
| Use ability | 33 | |
372 total
» units
» upgrades
» buildings
| Altar of Storms | 1 | |
| Orc Burrow | 3 | |
| Voodoo Lounge | 1 | |
| Barracks | 1 | |
| Stronghold | 1 | |
| Fortress | 1 | |
8 total
» build order
00:07 Altar of Storms
00:16 Orc Burrow
00:51 Voodoo Lounge
01:30 Barracks
01:52 Orc Burrow
03:29 Stronghold
05:08 Orc Burrow
05:52 Fortress
» items
| Healing Salve | 3 | |
| Lesser Clarity Potion | 4 | |
| Periapt of Vitality | 2 | |
| Tiny Great Hall | 1 | |
| Orb of Lightning | 1 | |
11 total
team 2 (loser)
GOKUMAN69 (
teal | 43 APM | 436 actions | 10:13)
1 Blademaster
1 Wind Walk
» actions
| Basic commands | 1 | |
| Build / train | 18 | |
| Enter build submenu | 27 | |
| Enter hero's abilities submenu | 1 | |
| Right click | 222 | |
| Select / deselect | 130 | |
| Use ability | 37 | |
436 total
» units
» buildings
| War Mill | 1 | |
| Altar of Storms | 1 | |
| Orc Burrow | 4 | |
| Watch Tower | 17 | |
| Stronghold | 1 | |
| Voodoo Lounge | 1 | |
| Fortress | 1 | |
| Beastiary | 1 | |
27 total
» build order
00:04 War Mill
00:21 Altar of Storms
00:37 Orc Burrow
01:51 Watch Tower
01:57 Watch Tower
02:22 Watch Tower
03:31 Watch Tower
03:33 Watch Tower
03:39 Watch Tower
04:06 Watch Tower
04:12 Orc Burrow
04:15 Orc Burrow
04:40 Watch Tower
04:42 Watch Tower
05:56 Watch Tower
05:58 Stronghold
06:48 Orc Burrow
06:51 Watch Tower
06:52 Watch Tower
06:54 Watch Tower
07:25 Watch Tower
07:46 Voodoo Lounge
08:18 Watch Tower
08:20 Watch Tower
08:21 Watch Tower
08:24 Fortress
08:43 Beastiary
PhoneNumber (
orange | 53 APM | 538 actions | 10:13)
1 Mountain King
1 Storm Bolt
» actions
| Assign group hotkey | 2 | |
| Basic commands | 9 | |
| Build / train | 40 | |
| Enter build submenu | 29 | |
| Enter hero's abilities submenu | 1 | |
| Right click | 231 | |
| Select / deselect | 134 | |
| Select group hotkey | 51 | |
| Use ability | 41 | |
538 total
» units
| Peasant | 14 | |
| Priest | 1 | |
| Gryphon Rider | 1 | |
16 total
» upgrades
» buildings
| Altar of Kings | 1 | |
| Farm | 4 | |
| Lumber Mill | 1 | |
| Scout Tower | 18 | |
| Guard Tower | 13 | |
| Arcane Tower | 4 | |
| Keep | 1 | |
| Arcane Vault | 1 | |
| Blacksmith | 1 | |
| Arcane Sanctum | 1 | |
| Castle | 1 | |
| Gryphon Aviary | 2 | |
48 total
» build order
00:05 Altar of Kings
00:23 Farm
00:40 Lumber Mill
01:03 Farm
01:29 Scout Tower
01:51 Scout Tower
02:02 Scout Tower
02:04 Guard Tower
02:23 Arcane Tower
02:25 Scout Tower
02:41 Scout Tower
02:42 Guard Tower
02:54 Guard Tower
02:56 Scout Tower
03:21 Guard Tower
03:23 Scout Tower
03:29 Guard Tower
03:31 Scout Tower
03:57 Guard Tower
04:00 Scout Tower
04:02 Arcane Tower
04:05 Scout Tower
04:38 Guard Tower
04:42 Arcane Tower
04:46 Scout Tower
04:51 Scout Tower
04:57 Scout Tower
04:59 Keep
05:22 Guard Tower
05:25 Scout Tower
05:27 Scout Tower
05:48 Arcane Tower
05:57 Guard Tower
05:58 Guard Tower
06:07 Scout Tower
06:11 Arcane Vault
06:36 Blacksmith
06:40 Guard Tower
06:44 Scout Tower
07:20 Guard Tower
07:30 Scout Tower
07:37 Arcane Sanctum
07:41 Castle
07:43 Gryphon Aviary
07:47 Gryphon Aviary
08:06 Guard Tower
08:25 Farm
08:57 Farm
ThePebbler (
green | 42 APM | 431 actions | 10:13)
1 Archmage
1 Blizzard
» actions
| Assign group hotkey | 1 | |
| Build / train | 42 | |
| Enter build submenu | 19 | |
| Enter hero's abilities submenu | 1 | |
| Right click | 126 | |
| Select / deselect | 163 | |
| Select group hotkey | 36 | |
| Use ability | 43 | |
431 total
» units
» upgrades
» buildings
| Lumber Mill | 1 | |
| Altar of Kings | 1 | |
| Scout Tower | 22 | |
| Farm | 4 | |
| Guard Tower | 13 | |
| Arcane Tower | 2 | |
| Keep | 1 | |
| Blacksmith | 1 | |
45 total
» build order
00:10 Lumber Mill
00:12 Altar of Kings
00:34 Scout Tower
00:34 Scout Tower
00:35 Scout Tower
00:36 Scout Tower
01:11 Farm
01:16 Farm
01:58 Guard Tower
02:01 Scout Tower
02:03 Scout Tower
02:23 Farm
03:08 Guard Tower
03:33 Scout Tower
03:35 Scout Tower
04:03 Scout Tower
04:05 Scout Tower
04:09 Scout Tower
04:11 Scout Tower
04:12 Scout Tower
04:18 Scout Tower
04:25 Scout Tower
04:32 Guard Tower
04:51 Guard Tower
05:17 Guard Tower
05:23 Guard Tower
05:36 Arcane Tower
06:09 Scout Tower
06:11 Scout Tower
06:12 Scout Tower
06:20 Scout Tower
06:21 Scout Tower
06:25 Arcane Tower
06:45 Guard Tower
06:50 Guard Tower
07:17 Guard Tower
07:21 Scout Tower
07:21 Scout Tower
07:26 Guard Tower
07:57 Keep
08:06 Blacksmith
08:12 Guard Tower
08:16 Guard Tower
08:32 Farm
09:04 Guard Tower
Chat log
(00:22 / All) GOKUMAN69: GL HF
(09:51 / All) KillerBeeg: LOL
(10:05 / All) Toadrax: gg